 Dungeon Crawl Stone Soup version 0.31-a0-662-g684573625c (webtiles) character file.

Game seed: 4893267962911598798

16 subawu the Stinger (level 2, -3/15 HPs)
             Began as a Deep Elf Venom Mage on Sept 1, 2023.
             Slain by a hobgoblin
             ... wielding a +2 heavy spear
              (8 damage)
             ... on level 1 of the Dungeon.
             The game lasted 00:01:47 (489 turns).

subawu the Stinger (Deep Elf Venom Mage)             Turns: 489, Time: 00:01:48

Health: -3/15      AC:  2    Str:  5    XL:     2   Next: 41%
Magic:  7/8        EV: 12    Int: 19    God:
Gold:   24         SH:  0    Dex: 15    Spells: 6/7 levels left

rFire   . . .        e - +0 short sword
rCold   . . .        (no shield)
rNeg    . . .        a - +0 robe
rPois   .            (no helmet)
rElec   .            (no cloak)
rCorr   .            (no gloves)
SInv    .            (no boots)
Will    .....        (no amulet)
Stlth   ++           (no ring)
HPRegen 0.22/turn    (no ring)
MPRegen 0.11/turn

%: no passive effects
@: no status effects
A: no striking features
a: no special abilities


You were on level 1 of the Dungeon.
You visited 1 branch of the dungeon, and saw 1 of its levels.

You collected 24 gold pieces.

Inventory:

Hand Weapons
 d - a +0 mace
 e - a +0 short sword (weapon)
Armour
 a - a +0 robe (worn)
Scrolls
 c - a scroll of identify {unknown}
Potions
 b - a potion of magic
 f - a potion of enlightenment {unknown}
 g - a potion of degeneration {unknown}


   Skills:
 + Level 2.5 Dodging
 + Level 2.8 Stealth
 + Level 3.4 Spellcasting
 + Level 1.1 Transmutations
 + Level 3.7 Poison Magic


You had 6 spell levels left.
You knew the following spells:

 Your Spells              Type           Power      Damage    Failure   Level
a - Sting                 Tmut/Pois      48%        1d5       5%          1

Your spell library contained the following spells:

 Spells                   Type           Power      Damage    Failure   Level
 Poisonous Vapours        Pois/Air       20%        N/A       11%         2
 Mephitic Cloud           Conj/Pois/Air  7%         N/A       26%         3
 Olgreb's Toxic Radiance  Pois           17%        N/A       30%         4


Dungeon Overview and Level Annotations

Branches:
Dungeon (1/15)

Altars:


Message History

You kill the endoplasm!
A kobold comes into view. It is wielding a +0 short sword.
Found a dagger.
The kobold shouts!
The kobold hits you with a +0 short sword.
The kobold hits you but does no damage.
The kobold hits you with a +0 short sword.
The kobold misses you.
You closely miss the kobold. The kobold barely misses you.
You closely miss the kobold. The kobold barely misses you.
You barely miss the kobold. The kobold completely misses you.
Casting: Sting (safe; 5% risk of failure)
Confirm with . or Enter, or press ? or * to list all spells.
Aiming: Sting (safe; 5% risk of failure)
Press: ? - help, Shift-Dir - straight line, f - kobold
Aim: a kobold, wielding a +0 short sword (64% to hit)
The sting hits the kobold.
The kobold is poisoned.
The kobold is moderately wounded.
The kobold barely misses you.
You hit the kobold but do no damage.
The kobold is heavily wounded.
You kill the kobold!
Things that are here:
a +0 short sword; a kobold corpse A hobgoblin comes into view.
It is wielding a +2 heavy spear.
Casting: Sting (safe; 5% risk of failure)
Confirm with . or Enter, or press ? or * to list all spells.
Aiming: Sting (safe; 5% risk of failure)
Press: ? - help, Shift-Dir - straight line, f - hobgoblin
Aim: a hobgoblin, wielding a +2 heavy spear (wandering, hasn't noticed you, 71% to hit)
The sting hits the hobgoblin but does no damage.
The hobgoblin is poisoned.
The hobgoblin shouts!
The hobgoblin hits you with a +2 heavy spear!
Ouch! That really hurt!
* * * LOW HITPOINT WARNING * * *
The hobgoblin misses you.
The hobgoblin hits you with a +2 heavy spear!
Ouch! That really hurt!
You die...

.>#####.# #......####
..# #.# #......#
..#####.# #.#.##.#
.....##.# #.#+##.#
#.##.##.# #......#
#.##.##.###.....##
#.#..##.##.).....## .#.
#.......#.......g.##....
........+.......@.'.....
##...####.........##....
##..# ##.......## .#.
#..# ##.....## . #.##
##...## #.# ##+# #.#
######.# #.# #......#
#.####.####.##


You could see a hobgoblin (poisoned).

Vanquished Creatures
  A dart slug (D:1)
  2 bats (D:1)
  An endoplasm (D:1)
  2 hobgoblins (D:1)
  2 kobolds (D:1)
  A quokka (D:1)
  A ball python (D:1)
  A frilled lizard (D:1)
  2 rats (D:1)
13 creatures vanquished.

Notes
Turn   | Place    | Note
-------+----------+-------------------------------------------
     0 | D:1      | subawu the Deep Elf Venom Mage began the quest for the Orb.
     0 | D:1      | Reached XP level 1. HP: 10/10 MP: 6/6
   226 | D:1      | Reached XP level 2. HP: 15/15 MP: 6/8
   489 | D:1      | Slain by a hobgoblin

Illustrated notes

Levels and vault maps discovered:
D:1:      nzn_arrival_water_spiral, layout_loops_corners

Action                     || total
---------------------------++-------
  Melee: Short sword       ||    17
         Unarmed           ||     3
         Punch             ||     1
   Cast: Sting             ||    14
   Stab: Sleeping          ||     1
 Armour: Robe              ||    12
  Dodge: Dodged            ||    19

Table legend: (Time is in decaauts)
 A = Elapsed time spent in this place.
 B = Non-inter-level travel time spent in this place.
 C = Inter-level travel time spent in this place.
 D = Time resting spent in this place.
 E = Time spent auto-exploring this place.
 F = Levels seen in this place.
 G = Mean time per level.
                   A        B        C        D        E       F      G
               +--------+--------+--------+--------+--------+-----+--------+
         Total |    488 |    488 |      0 |      0 |    336 |   1 |  488.0 |
       Dungeon |    488 |    488 |      0 |      0 |    336 |   1 |  488.0 |
               +--------+--------+--------+--------+--------+-----+--------+

Top non-repeatable levels by time:
     D:1: 488 daAuts
